 Dungeon Crawl Stone Soup version 0.30-a0-359-gd0147acb1a (webtiles) character file.

Game seed: 14886043875367946998

448 arthad the Digger (level 7, -12/48 HPs)
             Began as a Formicid Earth Elementalist on Nov 12, 2022.
             Mangled by an ogre
             ... wielding a +0 giant club
              (29 damage)
             ... on level 2 of the Dungeon.
             The game lasted 00:09:16 (2374 turns).

arthad the Digger (Formicid Earth Elementalist)     Turns: 2374, Time: 00:09:16

Health: -12/48     AC:  2    Str: 19    XL:     7   Next: 24%
Magic:  13/13      EV: 12    Int: 16    God:
Gold:   123        SH:  0    Dex: 14    Spells: 8/15 levels left

rFire   . . .      SeeInvis +    k - +1 whip of Caustic Gallantry {vorpal, rElec}
rCold   . . .      Faith    .    (no shield)
rNeg    . . .      Spirit   .    a - +0 robe
rPois   .          Reflect  .    (helmet unavailable)
rElec   +          Harm     .    (no cloak)
rCorr   .          Rampage  .    (no gloves)
Will    .....                    (no boots)
Stlth   ++........               (no amulet)
HPRegen 0.28/turn                s - +6 ring of strength
MPRegen 0.13/turn                (no ring)

@: no status effects
A: permanent stasis, dig shafts and tunnels, antennae 3, four strong arms
a: Dig, Shaft Self


You were on level 2 of the Dungeon.
You visited 1 branch of the dungeon, and saw 3 of its levels.
You also visited: Sewer.

You collected 123 gold pieces.

Inventory:

Hand Weapons
 e - a +0 war axe
 k - the +1 whip of Caustic Gallantry (weapon) {vorpal, rElec}
   (You found it on level 3 of the Dungeon)

   It inflicts extra damage upon your enemies.
   rElec:     It insulates you from electricity.
 r - a +3 short sword
Missiles
 c - 48 stones
 m - 5 poisoned darts
 p - 2 boomerangs
 t - 3 curare-tipped darts
Armour
 a - a +0 robe (worn)
Jewellery
 s - a +6 ring of strength (left hand)
Scrolls
 d - 2 scrolls of noise
 f - a scroll of enchant weapon {unknown}
 g - a scroll of blinking
 i - 3 scrolls of identify
Potions
 b - a potion of magic
 h - 2 potions of curing {unknown}
 j - 3 potions of heal wounds {unknown}
 l - 2 potions of lignification {unknown}
 n - a potion of resistance {unknown}
 o - a potion of attraction {unknown}
 q - a potion of flight {unknown}


   Skills:
 * Level 1.6 Fighting
 + Level 0.3 Throwing
 + Level 2.2 Dodging
 + Level 3.0 Stealth
 * Level 4.6 Spellcasting
 * Level 0.4 Conjurations
 * Level 2.9 Transmutations
 * Level 6.0 Earth Magic


You had 8 spell levels left.
You knew the following spells:

 Your Spells              Type           Power      Damage    Failure   Level
a - Sandblast             Erth           46%        2d11      1%          1
b - Stone Arrow           Conj/Erth      28%        3d8       13%         3
c - Passwall              Tmut/Erth      15%        N/A       3%          2
d - Freeze                Ice            12%        1d3       16%         1

Your spell library contained the following spells:

 Spells                   Type           Power      Damage    Failure   Level
 Petrify                  Tmut/Erth      18%        N/A       26%         4
 Hailstorm                Conj/Ice       4%         3d4       41%         3
 Frozen Ramparts          Ice            6%         1d1       43%         3


Dungeon Overview and Level Annotations

Branches:
Dungeon (3/15)              Sewer (visited)

Altars:


Innate Abilities, Weirdness & Mutations

You cannot be hasted, slowed, berserked, paralysed or teleported.
You can dig through walls and to a lower floor.
You have a pair of large antennae on your head. (SInv)
Your four strong arms can wield two-handed weapons with a shield.


Message History

Casting: Sandblast (safe; 1% risk of failure)
Confirm with . or Enter, or press ? or * to list all spells.
Aiming: Passwall (safe; 3% risk of failure)
Press: ? - help, Dir - move target, f - you, p - ogre Please select a wall.
Okay, then.
Casting: Passwall (safe; 3% risk of failure)
Confirm with . or Enter, or press ? or * to list all spells.
Aiming: Stone Arrow (dangerous; 13% risk of failure)
Press: ? - help, Shift-Dir - straight line, f/p - ogre
Aim: an ogre, wielding a +0 giant club (85% to hit)
The stone arrow hits the ogre.
The ogre is moderately wounded.
The ogre hits you with a +0 giant club!!
Ouch! That really hurt!
* * * LOW HITPOINT WARNING * * *
Casting: Stone Arrow (dangerous; 13% risk of failure)
Confirm with . or Enter, or press ? or * to list all spells.
You don't have enough magic to cast this spell.
Unknown command.
There is a stone staircase leading up here.
The ogre closely misses you.
You climb upwards.
There is a stone staircase leading down here.
Casting: Stone Arrow (dangerous; 13% risk of failure)
Confirm with . or Enter, or press ? or * to list all spells.
You don't have enough magic to cast this spell.
Unknown command.
Casting: Stone Arrow (dangerous; 13% risk of failure)
Confirm with . or Enter, or press ? or * to list all spells.
Aiming: Stone Arrow (dangerous; 13% risk of failure)
Press: ? - help, Shift-Dir - straight line, f - ogre
Aim: an ogre, wielding a +0 giant club (lightly wounded, 85% to hit)
The stone arrow hits the ogre!
The ogre is heavily wounded.
You aren't carrying any items that you can evoke.
Magic courses through your body.
The ogre hits you with a +0 giant club!!
Ouch! That really hurt!
You die...

############ #...........# #.
#..........# #.####......# #.
#..........# #.# ##......# ##.
#..........###.# #.......# #..
#..............###.......# #..
#..........#....#....###.####[.
#..........#...................
#..........#...O#..#..##.#.#...
##########.###..@.#O.#..##.#.#...
..## ##.###....#..............
...# #..##.....#.##..##.......
..†######..##.....#........###.#.
...#.......##.....#.#............
......###..............#########.
..##......<...###.#.#..#########.
..........###.# #.#..............
†.........# #.###.#....##########


You could see an ogre.

Vanquished Creatures
  Sigmund (D:2)
  A water moccasin (Sewer)
  2 orc wizards (D:3)
  2 adders (D:2)
  A river rat (D:3)
  4 worms (D:2)
  2 dart slugs
  3 orcs (D:3)
  2 bats
  4 endoplasms
  5 giant cockroaches
  8 goblins
  3 hobgoblins
  12 jackals
  A quokka (D:2)
  4 frilled lizards
  5 kobolds
  9 rats
69 creatures vanquished.

Notes
Turn   | Place    | Note
-------+----------+-------------------------------------------
     0 | D:1      | arthad the Formicid Earth Elementalist began the quest for
                  | the Orb.
     0 | D:1      | Reached XP level 1. HP: 13/13 MP: 3/3
   151 | D:1      | Found a faded altar of an unknown god.
   158 | D:1      | Reached XP level 2. HP: 19/19 MP: 3/5
   441 | D:1      | Reached XP level 3. HP: 24/24 MP: 1/6
   787 | D:2      | Reached skill level 4 in Earth Magic
   947 | D:2      | Reached XP level 4. HP: 30/30 MP: 4/8
  1433 | D:2      | Noticed Sigmund
  1441 | D:2      | Killed Sigmund
  1442 | D:2      | Reached skill level 1 in Fighting
  1442 | D:2      | Reached skill level 5 in Earth Magic
  1442 | D:2      | Reached XP level 5. HP: 37/37 MP: 5/11
  1442 | D:2      | Reached XP level 6. HP: 43/43 MP: 5/12
  1854 | D:3      | Identified the +1 whip of Caustic Gallantry {vorpal, rElec}
  1881 | D:3      | Learned a level 3 spell: Stone Arrow
  1884 | D:3      | Learned a level 2 spell: Passwall
  1886 | D:3      | Learned a level 1 spell: Freeze
  2056 | D:3      | Found a glowing drain.
  2086 | Sewer    | Entered a sewer
  2187 | Sewer    | Noticed a water moccasin
  2195 | Sewer    | Killed a water moccasin
  2196 | Sewer    | Reached skill level 6 in Earth Magic
  2196 | Sewer    | Reached XP level 7. HP: 48/48 MP: 9/13
  2374 | D:2      | Mangled by an ogre

Illustrated notes

Levels and vault maps discovered:
D:1:      lemuel_arrival_rhombus, layout_rooms, chequers_ecumenical_altar_simple
D:2:      minmay_chambers_of_twos, layout_basic, minmay_misc_feat_alley,
          uniq_sigmund
D:3:      layout_rooms, portal_sewer_entry_b, minmay_strange_pillars,
          eino_curves_01, minmay_ogre_servants

Skill      XL: |  1  2  3  4  5  6 |
---------------+-------------------+-----
Dodging        | 2 |  2.2
Stealth        | 3 |  3.0
Earth Magic    | 4 5 6 |  6.0
Spellcasting   | 4 |  4.6
Fighting       | 1 |  1.6
Transmutations | 2 |  2.9
Throwing       | |  0.3
Conjurations   | |  0.4

Action                   |  1- 3 |  4- 6 |  7- 9 || total
-------------------------+-------+-------+-------++-------
Melee: Short sword       |       |     8 |       ||     8
       Whip              |       |     3 |       ||     3
Throw: Dart              |       |     7 |       ||     7
 Cast: Sandblast         |    38 |    60 |     3 ||   101
       Stone Arrow       |       |     4 |     4 ||     8
  Use: Scroll            |       |     5 |       ||     5
       Potion            |       |     1 |     1 ||     2
Armor: Robe              |       |     9 |       ||     9
Dodge: Dodged            |     6 |    23 |     1 ||    30

Table legend: (Time is in decaauts)
 A = Elapsed time spent in this place.
 B = Non-inter-level travel time spent in this place.
 C = Inter-level travel time spent in this place.
 D = Time resting spent in this place.
 E = Time spent auto-exploring this place.
 F = Levels seen in this place.
 G = Mean time per level.
                   A        B        C        D        E       F      G
               +--------+--------+--------+--------+--------+-----+--------+
         Total |   2433 |   2385 |     48 |     32 |   1839 |   4 |  608.2 |
       Dungeon |   2216 |   2168 |     48 |     32 |   1665 |   3 |  738.7 |
         Sewer |    216 |    216 |      0 |      0 |    174 |   1 |  216.0 |
               +--------+--------+--------+--------+--------+-----+--------+

Top non-repeatable levels by time:
     D:2: 1164 daAuts
     D:1: 685 daAuts
     D:3: 367 daAuts
   Sewer: 216 daAuts
